 Dungeon Crawl Stone Soup version 0.29.1-1-gd02db6906a (webtiles) character file.

Game seed: 5044951698238019626

18 Icepheonix32 the Gusty (level 2, -3/15 HPs)
             Began as a Tengu Air Elementalist on Oct 5, 2022.
             Killed from afar by Sigmund (12 damage)
             ... with a puff of flame
             ... on level 2 of the Dungeon.
             The game lasted 00:01:17 (1350 turns).

Icepheonix32 the Gusty (Tengu Air Elementalist)     Turns: 1350, Time: 00:01:18

Health: -3/15      AC:  3    Str:  8    XL:     2   Next: 66%
Magic:  6/6        EV: 12    Int: 15    God:
Gold:   31         SH:  0    Dex: 14    Spells: 4/5 levels left

rFire   . . .      SeeInvis .   g - +0 dagger
rCold   . . .      Faith    .   (no shield)
rNeg    . . .      Spirit   .   a - +0 robe
rPois   .          Reflect  .   (helmet restricted)
rElec   .          Harm     .   f - +0 cloak
rCorr   .          Rampage  .   (no gloves)
Will    .....                   (boots unavailable)
Stlth   +.........              (no amulet)
HPRegen 0.05/turn               (no ring)
MPRegen 0.10/turn               (no ring)

@: confused, ambrosia-drunk
A: beak, talons 3
a: no special abilities


You were on level 2 of the Dungeon.
You visited 1 branch of the dungeon, and saw 2 of its levels.

You collected 31 gold pieces.

Inventory:

Hand Weapons
 g - a +0 dagger (weapon)
Armour
 a - a +0 robe (worn)
 f - a +0 cloak (worn)
Jewellery
 j - a +6 ring of dexterity
Scrolls
 h - a scroll of enchant armour {unknown}
 i - a scroll of amnesia {unknown}
 k - a scroll of teleportation {unknown}
Potions
 b - a potion of magic
 c - a potion of ambrosia
 d - 2 potions of lignification {unknown}
 e - 2 potions of degeneration {unknown}


   Skills:
 + Level 2.2 Dodging
 + Level 2.1 Stealth
 + Level 2.1 Spellcasting
 * Level 1.5 Conjurations
 * Level 4.8 Air Magic


You had 4 spell levels left.
You knew the following spells:

 Your Spells              Type           Power      Damage    Failure   Level
a - Shock                 Conj/Air       44%        1d5       6%          1

Your spell library contained the following spells:

 Spells                   Type           Power      Damage    Failure   Level
 Static Discharge         Conj/Air       11%        3-5/arc   9%          2
 Swiftness                Air            16%        N/A       9%          3
 Airstrike                Air            8%         2d(2-18)  30%         4
 Gell's Gravitas          Tloc           1%         N/A       54%         3
 Teleport Other           Tloc           1%         N/A       54%         3
 Dispersal                Tloc           0%         N/A       100%        6


Dungeon Overview and Level Annotations

Branches:
Dungeon (2/15)

Altars:

Annotations:
D:2 Sigmund


Innate Abilities, Weirdness & Mutations

You have a beak for a mouth.
You have claws for feet.


Message History

The zap hits Sigmund.
Sigmund is heavily wounded.
The zap hits Sigmund.
Sigmund is severely wounded.
Unknown command.
Casting: Shock (safe; 6% risk of failure)
Confirm with . or Enter, or press ? or * to list all spells.
Aiming: Shock (safe; 6% risk of failure)
Press: ? - help, Shift-Dir - straight line The zap hits Sigmund.
Sigmund is almost dead.
The zap misses Sigmund.
Sigmund barely misses you.
Unknown command.
Unknown command.
Casting: Shock (safe; 6% risk of failure)
Confirm with . or Enter, or press ? or * to list all spells.
Aiming: Shock (safe; 6% risk of failure)
Press: ? - help, Shift-Dir - straight line The zap hits Sigmund.
Sigmund is almost dead.
The zap hits Sigmund.
Sigmund is almost dead.
Sigmund hits you from afar with a +0 scythe!
Ouch! That really hurt!
* * * LOW HITPOINT WARNING * * *
Unknown command.
Unknown command.
Casting: Shock (safe; 6% risk of failure)
Confirm with . or Enter, or press ? or * to list all spells.
You don't have enough magic to cast this spell.
Unknown command.
It was a potion of ambrosia.
You are confused.
You feel invigorated.
You're too confused to cast spells.
Sorry, you're not good enough to have a special ability.
Sigmund gestures at you while chanting. The puff of flame hits you!
Ouch! That really hurt!
You die...

#....### #.#
.###....#.. #.#
........#.# #.#
....)...#.# #+# #.#
.....##.#.#### #.# #.#
... ##.#....# #.# #.#
. +.....>.####.# #.#
######.@..##.###.# #.#
#...@+......# #.#
###....##.########.#
....................#
...........###########
...........#
.....).....#
...........#
...........#
..........#


You could see Sigmund.

Vanquished Creatures
  2 bats
  2 endoplasms (D:1)
  A giant cockroach (D:1)
  2 goblins (D:1)
  2 hobgoblins (D:1)
  2 frilled lizards (D:1)
  3 kobolds
  2 rats (D:1)
16 creatures vanquished.

Notes
Turn   | Place    | Note
-------+----------+-------------------------------------------
     0 | D:1      | Icepheonix32 the Tengu Air Elementalist began the quest for
                  | the Orb.
     0 | D:1      | Reached XP level 1. HP: 10/10 MP: 4/4
   518 | D:1      | Reached XP level 2. HP: 15/15 MP: 3/6
   546 | D:1      | Found a faded altar of an unknown god.
  1331 | D:2      | Noticed Sigmund
  1350 | D:2      | Killed from afar by Sigmund

Illustrated notes

Levels and vault maps discovered:
D:1:      heliophobic_arrival_henge, layout_loops_corners,
          hellmonk_ecumenical_altar_prayer_group, minmay_statues_item,
          roderic_serpentine_path
D:2:      layout_basic, uniq_sigmund, uniq_crazy_yiuf_cottage

Action                   || total
-------------------------++-------
 Cast: Shock             ||    38
  Use: Potion            ||     1
Armor: Robe              ||     1
Dodge: Dodged            ||     2
